 Dungeon Crawl Stone Soup version 0.19-a0-965-g50bf062 (webtiles) character file.

633 4thArraOfDagon the Chopper (level 7, 0/62 HPs)
             Began as a Minotaur Abyssal Knight on July 12, 2016.
             Was a Believer of Lugonu.
             Slain by a hippogriff (4 damage)
             ... on level 7 of the Dungeon.
             The game lasted 00:07:59 (1666 turns).

4thArraOfDagon the Chopper (MiAK)                   Turns: 1666, Time: 00:07:59

Health: 0/62       AC: 16    Str: 18 (19) XL:     7   Next: 24%
Magic:  8/8        EV:  6    Int: 11      God:    Lugonu [**....]
Gold:   96         SH:  0    Dex:  9      Spells: 0 memorised, 6 levels left

rFire  . . .     SeeInvis .     t - +0 war axe
rCold  . . .     Gourm    .     v - +0 plate armour
rNeg   . . .     Faith    .     (no shield)
rPois  .         Spirit   .     (helmet restricted)
rElec  .         Dismiss  .     g - +1 cloak
rCorr  .         Reflect  .     e - +0 pair of gloves
SustAt .         Harm     .     n - +0 pair of boots
MR     .....                    (no amulet)
Stlth  ..........               (no ring)
                                (no ring)

@: very slightly contaminated, hasted, very quick, not resistant to hostile
enchantments, extremely unstealthy
A: retaliatory headbutt, horns 2, blurry vision 1, deterioration 1, strong 1
a: Depart the Abyss, Bend Space, Renounce Religion


You were on level 7 of the Dungeon.
You worshipped Lugonu.
Lugonu was pleased with you.
You were not hungry.

You visited 1 branch of the dungeon, and saw 7 of its levels.
You visited the Abyss 1 time.
You also visited: Sewer.

You collected 96 gold pieces.

Inventory:

Hand Weapons
 a - a +1 hand axe
 t - a +0 war axe (weapon)
Armour
 b - a +1 chain mail of cold resistance
 e - a +0 pair of gloves (worn)
 g - a +1 cloak (worn)
 i - a +0 chain mail
 n - a +0 pair of boots (worn)
 v - a +0 plate armour (worn)
Wands
 r - a wand of acid (2/15)
Scrolls
 f - a scroll of random uselessness {unknown}
 h - a scroll of blinking
 j - a scroll of remove curse {unknown}
 k - a scroll of magic mapping {unknown}
 l - a scroll of identify
 m - 2 scrolls of fear
 o - a scroll of amnesia {unknown}
 s - a scroll of teleportation {unknown}
 u - a scroll of noise {unknown}
 w - a scroll of fog {unknown}
Potions
 d - 2 potions of flight
 p - a potion of magic
Comestibles
 c - 3 bread rations
 A - a meat ration


   Skills:
 + Level 5.7 Fighting
 * Level 6.2 Axes
 + Level 4.8 Armour
 - Level 1.1 Dodging
 + Level 3.8 Invocations


You had 6 spell levels left.
You didn't know any spells.

Dungeon Overview and Level Annotations

Branches:
Dungeon (7/15)             Temple (0/1) D:6

Altars:
Cheibriados
Dithmenos
Gozag
Kikubaaqudgha
Nemelex Xobeh
Qazlal

Shops:
D:6 (

Annotations:
D:4 Ijustatesigmund's ghost, amateur DsFi


Innate Abilities, Weirdness & Mutations

You reflexively headbutt those who attack you in melee.
You have a pair of horns on your head.
Scrolls take you a little longer to read.
Your body sometimes deteriorates upon taking damage.
Your muscles are strong. (Str +2)


Message History

Your plate armour prevents you from hitting the hippogriff.
The hippogriff bites you.
* * * LOW HITPOINT WARNING * * *
The hippogriff pecks you.
* * * LOW HITPOINT WARNING * * *
The hippogriff claws you but does no damage.
The shadow imp barely misses you. The hippogriff bites you.
* * * LOW HITPOINT WARNING * * *
The hippogriff pecks you but does no damage.
The hippogriff claws you.
* * * LOW HITPOINT WARNING * * *
Unknown command.
Really read with blurry vision while enemies are nearby?
Okay, then.
Really read with blurry vision while enemies are nearby?
You begin reading the scroll.
You continue reading the scroll.
The hippogriff closely misses you.
The hippogriff pecks you but does no damage.
The hippogriff claws you.
You die...

###
##@##
#HH5#
#...#
#..<#
#...#
#...#
#....#
.......
......?.


You could see 2 hippogriffs and a shadow imp.

Vanquished Creatures
  2 ogres
  A centaur (D:5)
  A giant frog (D:6)
  2 vampire bats (D:6)
  An orc priest (D:3)
  An iron imp (D:6)
  A worker ant (D:4)
  A worker ant zombie (D:6)
  8 adders
  A shadow imp (D:6)
  An adder skeleton (D:6)
  2 dart slugs
  2 giant geckos (D:3)
  4 orcs (D:3)
  2 bat skeletons (D:6)
  3 bat zombies (D:6)
  A giant cockroach (D:3)
  3 goblins
  3 hobgoblins (D:3)
  9 jackals
  2 ball pythons (Sewer)
  4 bats
  6 giant newts
  9 kobolds
  3 rats
73 creatures vanquished.

Notes
Turn   | Place    | Note
-------+----------+-------------------------------------------
     0 | Abyss:1  | 4thArraOfDagon the Minotaur Abyssal Knight began the quest for the Orb.
     0 | Abyss:1  | Reached XP level 1. HP: 19/19 MP: 1/1
   137 | Abyss:1  | Noticed an ancient zyme
   138 | Abyss:1  | Noticed a ynoxinul
   141 | Abyss:1  | Noticed a wretched star
   145 | D:1      | Escaped the Abyss
   313 | D:1      | Reached XP level 2. HP: 22/27 MP: 2/2
   335 | D:2      | Reached * piety under Lugonu
   356 | D:2      | Reached skill level 3 in Axes
   512 | D:3      | Reached XP level 3. HP: 22/33 MP: 3/3
   557 | D:2      | Found an opulent altar of Gozag.
   620 | D:3      | Found a stormy altar of Qazlal.
   667 | D:2      | Found a shadowy altar of Dithmenos.
   693 | D:3      | Found a glowing drain.
   715 | D:3      | Reached XP level 4. HP: 19/40 MP: 4/4
   725 | Sewer    | Entered a sewer
   776 | Sewer    | Reached ** piety under Lugonu
   955 | D:3      | Found a sparkling altar of Nemelex Xobeh.
   966 | D:3      | Reached skill level 4 in Axes
   971 | D:3      | Reached XP level 5. HP: 31/47 MP: 5/5
  1049 | D:4      | Noticed Ijustatesigmund's ghost (amateur DsFi)
  1105 | D:5      | Entered Level 5 of the Dungeon
  1253 | D:5      | Noticed an ogre
  1257 | D:5      | Killed an ogre
  1257 | D:5      | Reached skill level 5 in Fighting
  1272 | D:5      | Noticed a centaur
  1285 | D:5      | Killed a centaur
  1285 | D:5      | Reached skill level 5 in Axes
  1285 | D:5      | Reached XP level 6. HP: 20/56 MP: 7/7
  1339 | D:6      | Found Zochesoe's Antique Weapon Shop.
  1370 | D:6      | Found a snail-covered altar of Cheibriados.
  1390 | D:6      | Gained mutation: Scrolls take you a little longer to read. [potion of mutation]
  1390 | D:6      | Gained mutation: Your body sometimes deteriorates upon taking damage. [potion of mutation]
  1390 | D:6      | Gained mutation: Your muscles are strong. (Str +2) [potion of mutation]
  1451 | D:6      | Found a staircase to the Ecumenical Temple.
  1540 | D:6      | Found an ancient bone altar of Kikubaaqudgha.
  1546 | D:6      | Reached XP level 7. HP: 59/61 MP: 8/8
  1554 | D:6      | Reached skill level 6 in Axes
  1651 | D:7      | Noticed a hippogriff
  1651 | D:7      | Noticed a hippogriff
  1666 | D:7      | Slain by a hippogriff

Vault maps used:
D:1:      sevenhm_arrival_forest_fort_small_1, roderic_aztec_sauvastika,
          minivault_24
D:2:      nicolae_overflow_hidden_temple, first_bread, grunt_dithmenos_smoke
D:3:      nicolae_overflow_crystal_walls, tgw_sif, gup_sewer_entry_glass,
          nicolae_qazlal_general_emergency
D:4:      minmay_goblin_outpost, uniq_eustachio
D:5:      serial_shops, nicolae_shop_statue_plus
D:6:      lemuel_doored_altar, kennysheep_vampire_church, slow_altar_1,
          serial_shops, nicolae_shop_window_shopping, uniq_pikel
D:7:      tso_oasis_becter, lemuel_crystal_altar, grunt_livestock
Sewer:    sewer_co_scattered_pipes

Skill      XL: |  1  2  3  4  5  6  7 |
---------------+----------------------+-----
Axes           | 3 4 5 6 |  6.2
Invocations    | 2 3 |  3.8
Fighting       | 4 5 |  5.7
Armour         | 3 4 |  4.8
Dodging        | |  1.1

Action                   |  1- 3 |  4- 6 |  7- 9 || total
-------------------------+-------+-------+-------++-------
Melee: Hand axe          |    58 |    53 |       ||   111
       Headbutt          |     5 |    18 |     2 ||    25
       War axe           |       |    55 |    17 ||    72
Invok: Depart the Abyss  |     1 |       |       ||     1
       Bend Space        |       |     1 |       ||     1
  Use: Scroll            |       |     4 |       ||     4
       Potion            |       |     3 |     1 ||     4
  Eat: Chunk             |       |     3 |       ||     3
Armor: Leather armour    |    10 |       |       ||    10
       Chain mail        |    50 |    60 |       ||   110
       Plate armour      |       |    51 |    33 ||    84
Dodge: Dodged            |    51 |    61 |    18 ||   130
